 Dungeon Crawl Stone Soup version 0.29.0-4-gdea44cf6ec (webtiles) character file.

Game seed: 16819568119510566558

110 qw the Chopper (level 4, 0/26 HPs)
             Began as a Tengu Warper on Aug 28, 2022.
             Was an Initiate of Okawaru.
             Slain by an orc
             ... wielding a +0 flail
              (1 damage)
             ... on level 4 of the Dungeon.
             The game lasted 00:00:14 (3479 turns).

qw the Chopper (Tengu Warper)                       Turns: 3479, Time: 00:00:14

Health: 0/26       AC: 10    Str: 13    XL:     4   Next: 91%
Magic:  8/8        EV:  6    Int: 13    God:    Okawaru [......]
Gold:   193        SH:  0    Dex: 14    Spells: 7/7 levels left

rFire   . . .      SeeInvis .   Y - +1 hand axe
rCold   . . .      Faith    .   (no shield)
rNeg    . . .      Spirit   .   b - +0 chain mail
rPois   +          Reflect  .   (helmet restricted)
rElec   .          Harm     .   (no cloak)
rCorr   .          Rampage  .   i - +0 pair of gloves
Will    .....                   (boots unavailable)
Stlth   ..........              (no amulet)
HPRegen 0.08/turn               (no ring)
MPRegen 0.11/turn               (no ring)

@: no status effects
A: beak, talons 3, poison resistance, shaggy fur 1
a: Renounce Religion


You were on level 4 of the Dungeon.
You worshipped Okawaru.
Okawaru was noncommittal.
You visited 1 branch of the dungeon, and saw 4 of its levels.

You collected 193 gold pieces.


Innate Abilities, Weirdness & Mutations

You have a beak for a mouth.
You have claws for feet.
Your system is resistant to poisons. (rPois)
You are covered in fur. (AC +1)


   Skills:
 - Level 2.0 Fighting
 + Level 5.0 Axes
 - Level 1.0 Throwing
 - Level 2.1 Armour
 - Level 2.1 Dodging
 - Level 2.0 Spellcasting
 - Level 2.4 Translocations


You had 7 spell levels left.
You didn't know any spells.
Your spell library contained the following spells:

 Spells                   Type           Power      Damage    Failure   Level
 Blink                    Tloc           14%        N/A       99%         2
 Gell's Gravitas          Tloc           7%         N/A       100%        3
 Lesser Beckoning         Tloc           7%         N/A       100%        3
 Teleport Other           Tloc           7%         N/A       100%        3
 Manifold Assault         Tloc           7%         N/A       100%        5

Inventory:

Hand Weapons
 j - a +0 whip
 Y - a +1 hand axe (weapon)
Armour
 b - a +0 chain mail (worn)
 g - a +0 cloak
 i - a +0 pair of gloves (worn)
Scrolls
 a - a scroll of identify
Potions
 c - a potion of curing
 e - a potion of heal wounds {unknown}
 f - a potion of magic {unknown}
 k - a potion of haste {unknown}
 l - 2 potions of mutation

Dungeon Overview and Level Annotations

Branches:
Dungeon (4/15)
 Temple: D:4-7

Altars:
Okawaru

Shops:
D:2 [


Message History

The iguana is moderately wounded.
The iguana bites you.
You hit the iguana.
The iguana is heavily wounded.
The iguana bites you!
You hit the iguana but do no damage. Your kick misses the iguana.
The iguana is heavily wounded.
The iguana bites you!
You hit the iguana but do no damage. Your punch misses the iguana.
The iguana is heavily wounded.
The iguana completely misses you.
You hit the iguana.
The iguana is severely wounded.
The iguana bites you.
3471 ||| READING scroll of teleportation.
As you read the scroll of teleportation, it crumbles to dust.
You feel strangely unstable.
The iguana bites you but does no damage.
You hit the iguana. Your kick misses the iguana.
You peck the iguana, but do no damage.
The iguana is almost dead.
The iguana bites you.
You hit the iguana but do no damage.
The iguana is almost dead.
The iguana bites you but does no damage.
You hit the iguana.
You kill the iguana!
Okawaru accepts your kill.
Your Armour skill increases to level 2!
You start resting.
Your surroundings suddenly seem different.
An orc and a ball python come into view.
Found a sling and 2 lumpy white potions.
The orc shouts!
The ball python hisses angrily.
Enter note: You hit the orc.
The orc is moderately wounded.
You hit the ball python. The orc hits you with a +0 flail.
You die...

####.#..#.......
........#.#..#...#
####.#..#.#..#...#
.....#..#.#..#...#
####.#..#.#..#...#
.....#..#.#.......
###..#..#.#..#...####.##
.....#..........S.).....
.....##.# #...@.......
.....# .#.......o......!
.....# .###.###.###.#.
.....# # .# ###..# .# #
#>.# .# #..# .# #.# .#
....


You could see an orc and a ball python.

Vanquished Creatures
  An iguana (D:4)
  3 adders
  A worm (D:3)
  A dart slug (D:3)
  6 endoplasms
  4 giant cockroaches
  4 goblins (D:1)
  5 hobgoblins
  3 jackals (D:1)
  3 quokkas
  2 ball pythons (D:1)
  5 bats
  3 frilled lizards
  4 kobolds
  7 rats
52 creatures vanquished.

Notes
Turn   | Place    | Note
-------+----------+-------------------------------------------
     0 | D:1      | qw the Tengu Warper began the quest for the Orb.
     0 | D:1      | Reached XP level 1. HP: 12/12 MP: 4/4
     0 | D:1      | 0 ||| qw: Version: 0.1-a-89-g26bdef1
     0 | D:1      | 0 ||| qw: Game counter: 317
     0 | D:1      | 0 ||| qw: Always use a shield: true
     0 | D:1      | 0 ||| qw: God list: Okawaru
     0 | D:1      | 0 ||| qw: Allow faded altars: false
     0 | D:1      | 0 ||| qw: Do Orc after D:15 true
     0 | D:1      | 0 ||| qw: Do second Lair branch before Depths: true
     0 | D:1      | 0 ||| qw: Lair rune preference: random
     0 | D:1      | 0 ||| qw: Plans: Normal
     0 | D:1      | 0 ||| PLANNING D:1-11
   313 | D:1      | Reached skill level 3 in Axes
   313 | D:1      | Reached XP level 2. HP: 15/17 MP: 6/6
   791 | D:1      | 791 ||| Stepping ~*~*~tactically~*~*~ (stealth).
   818 | D:1      | Found a faded altar of an unknown god.
   864 | D:1      | 864 ||| DROPPING +0 club.
  1328 | D:1      | Reached XP level 3. HP: 21/21 MP: 7/7
  1577 | D:1      | 1577 ||| Stepping ~*~*~tactically~*~*~ (stealth).
  1578 | D:1      | 1578 ||| Stepping ~*~*~tactically~*~*~ (stealth).
  1589 | D:1      | 1589 ||| UPGRADING to +0 ring mail.
  1599 | D:1      | 1599 ||| DROPPING +0 leather armour.
  1600 | D:1      | 1600 ||| READING 2 scrolls labelled XAXYGI PUYPTE.
  1601 | D:1      | 1601 ||| READING scroll labelled ACZACS FEEDDOA.
  1604 | D:1      | 1604 ||| READING 2 scrolls labelled QAW JOKHOCRA.
  1605 | D:1      | 1605 ||| DROPPING scroll of blinking.
  1606 | D:1      | 1606 ||| DROPPING scroll of noise.
  1677 | D:2      | Found an iron altar of Okawaru.
  1689 | D:2      | Became a worshipper of Warmaster Okawaru
  1742 | D:2      | Reached skill level 4 in Axes
  1949 | D:2      | Found Xuugeghigg's Antique Armour Boutique.
  1954 | D:2      | 1954 ||| SHOPLISTING embroidered scarf (200 gold, have
                  | 108).
  1954 | D:2      | 1954 ||| SHOPLISTING plate armour (575 gold, have 108).
  2544 | D:2      | 2544 ||| UPGRADING to +0 pair of gloves.
  2549 | D:2      | 2549 ||| READING scroll labelled EFAR WEASOE.
  2550 | D:2      | 2550 ||| READING scroll labelled ZUXZUO CAUGEMI.
  2551 | D:2      | 2551 ||| READING scroll labelled PIADO IQEV.
  2552 | D:2      | 2552 ||| DRINKING 2 bubbling cyan potions.
  2553 | D:2      | 2553 ||| DRINKING 2 gluggy clear potions.
  2553 | D:2      | Gained mutation: Your system is resistant to poisons.
                  | (rPois) [potion of mutation]
  2553 | D:2      | Gained mutation: You are covered in fur. (AC +1) [potion of
                  | mutation]
  2554 | D:2      | 2554 ||| READING 2 scrolls of identify.
  2554 | D:2      | 2554 ||| IDENTIFYING black potion
  2555 | D:2      | 2555 ||| DROPPING potion of ambrosia.
  2883 | D:3      | Reached XP level 4. HP: 26/26 MP: 8/8
  3288 | D:3      | Reached skill level 5 in Axes
  3353 | D:3      | 3353 ||| UPGRADING to +0 chain mail.
  3363 | D:3      | 3363 ||| DROPPING +0 ring mail.
  3364 | D:3      | 3364 ||| READING 2 scrolls of identify.
  3364 | D:3      | 3364 ||| IDENTIFYING orange potion
  3365 | D:3      | 3365 ||| DROPPING potion of invisibility.
  3409 | D:4      | Identified the +5 sling of Vanity {flame, rF++ rC-}
  3470 | D:4      | HP: 4/26 [iguana (3)]
  3471 | D:4      | 3471 ||| READING scroll of teleportation.
  3472 | D:4      | HP: 1/26 [iguana (4)]
  3479 | D:4      | Slain by an orc

Levels and vault maps discovered:
D:1:      lightli_arrival_windingriver, layout_basic,
          hellmonk_ecumenical_altar_inner_sanctum,
          chequers_serial_rivers_micro_d, minmay_misc_feat_columns
D:2:      layout_loops_ring, basic_altar, serial_shops, shop_fountains
D:3:      layout_basic, minmay_crystal_water, minmay_diced_spiral
D:4:      layout_basic, nicolae_alphabet_shops, minmay_shop_damaged, uniq_edmund

Skill      XL: |  1  2  3  4 |
---------------+-------------+-----
Axes           | 3 4 5 |  5.0
Armour         | 2 |  2.1
Fighting       | |  2.0
Throwing       | |  1.0
Dodging        | |  2.1
Spellcasting   | |  2.0
Translocations | |  2.4

Action                   |  1- 3 |  4- 6 || total
-------------------------+-------+-------++-------
Melee: Hand axe          |   102 |    26 ||   128
       Kick              |    27 |     4 ||    31
       Peck              |    14 |     5 ||    19
       Punch             |     2 |       ||     2
Throw: Boomerang         |     7 |       ||     7
  Use: Scroll            |     7 |     2 ||     9
       Potion            |     2 |       ||     2
Armor: Leather armour    |     6 |       ||     6
       Ring mail         |    12 |     3 ||    15
       Chain mail        |       |     5 ||     5
Dodge: Dodged            |    45 |     8 ||    53

Table legend:
 A = Non-vault XP
 B = Vault XP
 C = Vault XP percentage of total XP
 D = Non-vault monster count
 E = Vault monster count
 F = Vault count percentage of total count
                 A         B        C        D         E       F
            +---------+---------+-------+---------+---------+-------
      Total |     152 |       6 |   3.8 |      48 |       4 |   7.7
            +---------+---------+-------+---------+---------+-------
        D:1 |      37 |       0 |   0.0 |      24 |       0 |   0.0
        D:2 |      33 |       0 |   0.0 |      13 |       0 |   0.0
        D:3 |      42 |       6 |  12.5 |       8 |       4 |  33.3
        D:4 |      40 |       0 |   0.0 |       3 |       0 |   0.0
            +---------+---------+-------+---------+---------+-------
